 Dungeon Crawl Stone Soup version 0.27.1-2-g3b301248ec (webtiles) character file.

Game seed: 7690016104785972483

34 H0rd4k the Insei (level 3, 0/34 HPs)
             Began as an Octopode Transmuter on Sept 27, 2021.
             Succumbed to an adder's poison
             ... on level 2 of the Dungeon.
             The game lasted 00:00:51 (1058 turns).

H0rd4k the Insei (Octopode Transmuter)              Turns: 1058, Time: 00:00:51

Health: 0/34       AC: 21    Str:  9    XL:     3   Next: 31%
Magic:  6/6        EV:  2    Int: 16    God:
Gold:   26         SH:  0    Dex: 12    Spells: 2/6 levels left

rFire    . . .     SeeInvis .     - Unarmed
rCold    . . .     Faith    .   (no shield)
rNeg     + + +     Spirit   .   (helmet currently unavailable)
rPois    +         Reflect  .   (no amulet)
rElec    .         Harm     .   (no ring)
rCorr    .         Rampage  .   (no ring)
Will     .....     NoTele   +   (no ring)
Stlth    +.........             (no ring)
HPRegen  0.11/turn              (no ring)
MPRegen  0.10/turn              (no ring)
                                (no ring)
                                (no ring)

@: lethally poisoned (0 -> -3), tree-form
A: stationary, stasis, torment immunity, boosted hp, almost no armour,
(amphibious), 8 rings, (camouflage 1), (gelatinous body 1), (nimble swimmer 1),
(tentacles)
a: no special abilities


You were on level 2 of the Dungeon.
You were a tree.
You visited 1 branch of the dungeon, and saw 2 of its levels.

You collected 26 gold pieces.

Inventory:

Scrolls
 a - a scroll of identify {unknown}
 d - a scroll of brand weapon {unknown}
 e - a scroll of amnesia {unknown}
Potions
 b - a potion of flight


   Skills:
 + Level 1.0 Fighting
 + Level 2.2 Dodging
 + Level 0.5 Stealth
 + Level 3.7 Unarmed Combat
 * Level 2.3 Spellcasting
 * Level 2.1 Transmutations
 * Level 0.1 Poison Magic


You had 2 spell levels left.
You knew the following spells:

 Your Spells              Type           Power      Damage    Failure   Level
a - Beastly Appendage     Tmut           16%        N/A       9%          1
b - Spider Form           Tmut/Pois      2%         N/A       36%         3

Your spell library contained the following spells:

 Spells                   Type           Power      Damage    Failure   Level
 Wereblood                Tmut           8%         N/A       12%         2
 Ice Form                 Ice/Tmut       5%         N/A       77%         4


Dungeon Overview and Level Annotations

Branches:
Dungeon (2/15)

Altars:


Innate Abilities, Weirdness & Mutations

You are a tree.
Your roots penetrate the ground, keeping you stationary.
You cannot be teleported.
You are immune to unholy pain and torment.
Your maximum health is greatly increased.
You cannot wear most types of armour.
((You are amphibious.))
You can wear up to eight rings at the same time.
((Your skin changes colour to match your surroundings (Stealth+).))
((Your rubbery body absorbs attacks. (AC +1, EV +1)))
((You are camouflaged near water. (Stealth+)))
((You have tentacles for arms and can constrict up to eight enemies at once.))


Message History

The hobgoblin hits you.
You tentacle-slap the hobgoblin.
You kill the hobgoblin!
A bat comes into view.
You completely miss the adder. Your grab misses the adder.
The adder closely misses you.
You closely miss the adder. Your grab misses the adder. The adder bites you.
You are poisoned.
The adder poisons you! The adder bites you.
You are more poisoned.
The adder poisons you!
You closely miss the adder. Your grab misses the adder.
You feel very sick. The bat barely misses you. The bat hits you.
The adder barely misses you.
You tentacle-slap the adder but do no damage.
Your grab misses the adder. Your squeeze misses the adder.
You feel sick. The bat hits you but does no damage. The adder bites you.
There are monsters nearby!
There are monsters nearby!
You tentacle-slap the adder. You grab the adder.
The adder is moderately wounded.
You constrict the adder.
You feel sick. The bat hits you. The adder bites you.
* * * LOW HITPOINT WARNING * * *
You tentacle-slap the adder.
Your tentacle-slap misses the adder.
You squeeze the adder.
You kill the adder!
* * * LOW HITPOINT WARNING * * *
You feel sick. The bat hits you but does no damage.
It was a potion of flight.
You feel very buoyant.
You fly up into the air.
* * * LOW HITPOINT WARNING * * *
You feel sick. The bat hits you but does no damage.
It was a potion of lignification.
You turn into a tree.
Your roots penetrate the ground.
* * * LOW HITPOINT WARNING * * *
You feel sick. The bat hits you but does no damage. x2
You smack the bat!
You kill the bat!
You die...

...... ..#..##
....... ..
..#..## ...#
##.......
.....##........
.......†.......
#♣# #.# #.# #
.#.#.##.#.##.##
.......<.......
.#.#.###.....##
.. ..#### ##
.## .#


There were no monsters in sight!

Vanquished Creatures
  An adder (D:2)
  A dart slug (D:1)
  4 ball pythons (D:1)
  An endoplasm (D:1)
  2 giant cockroaches (D:1)
  2 goblins (D:1)
  3 hobgoblins
  2 kobolds (D:1)
  2 quokkas (D:1)
  2 bats
  A rat (D:1)
21 creatures vanquished.

Notes
Turn   | Place    | Note
-------+----------+-------------------------------------------
     0 | D:1      | H0rd4k the Octopode Transmuter began the quest for the Orb.
     0 | D:1      | Reached XP level 1. HP: 13/13 MP: 3/3
   206 | D:1      | Reached XP level 2. HP: 18/18 MP: 5/5
   921 | D:1      | Found a faded altar of an unknown god.
  1013 | D:1      | Reached XP level 3. HP: 23/23 MP: 6/6
  1017 | D:1      | Learned a level 3 spell: Spider Form
  1056 | D:2      | HP: 1/23 [poisoned by an adder]
  1058 | D:2      | Succumbed to an adder's poison

Illustrated notes

Levels and vault maps discovered:
D:1:      lightli_arrival_windingriver, layout_loops_ring,
          basic_ecumenical_altar, chequers_serial_rivers_room_a
D:2:      layout_basic, uniq_jessica

Action                   || total
-------------------------++-------
Melee: Unarmed           ||    56
       Constrict         ||    13
       Tentacles         ||     3
       Punch             ||     2
  Use: Potion            ||     2
 Stab: Sleeping          ||     5
Armor: Skin              ||     7
Dodge: Dodged            ||    33
